 Dungeon Crawl Stone Soup version 0.30.0-12-gd5a94ecb5d (webtiles) character file.

Game seed: 15351217509249800977

84 CaptainMV the Covered (level 4, 0/31 HPs)
             Began as a Demonspawn Wanderer on May 17, 2023.
             Was a Plaything of Xom.
             Slain by a black bear (1 damage)
             ... on level 4 of the Dungeon.
             The game lasted 00:16:52 (2287 turns).

CaptainMV the Covered (Demonspawn Wanderer)         Turns: 2287, Time: 00:16:54

Health: 0/31       AC: 11    Str:  8 (12) XL:     4   Next: 24%
Magic:  7/7        EV:  8    Int: 11 (14) God:    Xom [.....*]
Gold:   142        SH:  0    Dex:  7 (14) Spells: 6/7 levels left

rFire   . . .        a - +0 dagger (flame)
rCold   . . .        (no shield)
rNeg    . . .        d - +2 scale mail
rPois   .            (helmet restricted)
rElec   .            g - scarf {repulsion}
rCorr   .            (no gloves)
SInv    .            (no boots)
Will    .....        (no amulet) Stlth
                     (no ring)
HPRegen 0.25/turn    (no ring)
MPRegen 0.10/turn

%: repel missiles
@: invisible, very slow
A: antennae 1, slimy green scales 1, demonic guardian 1
a: Renounce Religion


You were on level 4 of the Dungeon.
You worshipped Xom.
You were Xom's teddy bear.
You visited 1 branch of the dungeon, and saw 4 of its levels.

You collected 142 gold pieces.

Inventory:

Hand Weapons
 a - a +0 dagger of flaming (weapon)
Armour
 d - a +2 scale mail (worn)
 g - a scarf of repulsion (worn)
Scrolls
 b - 2 scrolls of silence
 f - 3 scrolls of magic mapping
 j - a scroll of vulnerability {unknown}
Potions
 e - a potion of curing {unknown}
 h - a potion of mutation {unknown}
 i - a potion of degeneration {unknown}
 k - a potion of flight {unknown}
 l - a potion of attraction {unknown}


   Skills:
 + Level 0.7 Fighting
 + Level 1.2 Short Blades
 + Level 4.2 Armour
 + Level 1.1 Dodging
 + Level 0.1 Stealth
 + Level 2.2 Spellcasting
 + Level 0.2 Conjurations
 + Level 3.0 Fire Magic
 + Level 1.0 Evocations


You had 6 spell levels left.
You knew the following spells:

 Your Spells              Type           Power      Damage    Failure   Level
a - Magic Dart            Conj           4%         1d3       91%         1

Your spell library contained the following spells:

 Spells                   Type           Power      Damage    Failure   Level
 Foxfire                  Conj/Fire      16%        2x1d4     77%         1
 Apportation              Tloc           2%         N/A       94%         1
 Freeze                   Ice            4%         1d3       94%         1
 Searing Ray              Conj           2%         2d4       97%         2
 Inner Flame              Hex/Fire       4%         N/A       98%         3
 Volatile Blastmotes      Fire/Tloc      8%         2d10      98%         3
 Frozen Ramparts          Ice            2%         1d1       100%        3
 Hailstorm                Conj/Ice       1%         3d3       100%        3
 Fulminant Prism          Conj/Hex       0%         3d5       100%        4
 Alistair's Intoxication  Tmut/Pois      0%         N/A       100%        5
 Yara's Violent Unravell  Hex/Tmut       0%         3d3       100%        5
 Enfeeble                 Hex            0%         N/A       100%        7


Dungeon Overview and Level Annotations

Branches:
Dungeon (4/15)
 Temple: D:4-7

Altars:
Cheibriados
Xom


Innate Abilities, Weirdness & Mutations

You have a pair of small antennae on your head.
You are partially covered in slimy green scales. (AC +2)
A weak demonic guardian rushes to your aid.


Message History

The black bear is heavily wounded.
The black bear bites you.
* * * LOW HITPOINT WARNING * * *
The black bear misses you. The black bear closely misses you.
Unknown command.
You fade into invisibility!
The black bear barely misses you. x2
The black bear claws you but does no damage.
A hobgoblin comes into view.
The hobgoblin shouts!
You hit the black bear but do no damage.
The black bear is heavily wounded.
The hobgoblin shouts!
The black bear bites you.
* * * LOW HITPOINT WARNING * * *
The black bear claws you but does no damage. x2
You barely miss the black bear.
The black bear is heavily wounded.
The hobgoblin shouts!
You hit the black bear. You burn the black bear. You punch the black bear.
The black bear is severely wounded.
The black bear bites you but does no damage.
The black bear barely misses you.
The black bear claws you but does no damage.
You hit the black bear but do no damage.
The black bear is severely wounded.
The black bear closely misses you.
The black bear claws you but does no damage. x2
You hit the black bear. You burn the black bear.
Your punch misses the black bear.
The black bear is severely wounded.
The black bear closely misses you.
The black bear claws you but does no damage. x2
You hit the black bear but do no damage.
The black bear is severely wounded.
The black bear bites you!
* * * LOW HITPOINT WARNING * * *
A demonic guardian appears!
The black bear claws you.
You die... "It's all fun and games until someone loses an eye."

#####..
#...........#'## ....#
. #.# #.........[.#..#
....# ...
#...........'..# ....#
.. #...........#..#
...##
.###'###...........#..#
##'#
...................#..#
...#
........5..........#..#
...#
...................#..#
...#
......g@...........#'##
#+##.
......h............#..#
.....
######+#...........#..#
..... #...........#..#
..... #...........#..#
..... #...........#..#
..... #...........#..#
..... #...........#'###
###+# #...............#


You could see a black bear (unable to see you), a hobgoblin (unable to see you,
ally target) and a friendly shadow imp (summoned).

Vanquished Creatures
  3 adders
  A dart slug (D:1)
  3 endoplasms (D:1)
  A giant cockroach (D:2)
  7 goblins
  2 hobgoblins (D:1)
  11 jackals
  2 quokkas
  2 ball pythons
  5 bats
  4 frilled lizards
  5 kobolds
  4 rats
50 creatures vanquished.

Vanquished Creatures (collateral kills)
  A dart slug (D:3)
1 creature vanquished.

Vanquished Creatures (others)
  6 foxfires (D:1)
6 creatures vanquished.

Grand Total: 57 creatures vanquished

Notes
Turn   | Place    | Note
-------+----------+-------------------------------------------
     0 | D:1      | CaptainMV the Demonspawn Wanderer began the quest for the
                  | Orb.
     0 | D:1      | CaptainMV set off with the following items: a +0 dagger, a
                  | scroll of silence, a potion of berserk rage, a +2 scale
                  | mail; and the following spell memorised: Foxfire; and the
                  | following spells available to memorise: Volatile
                  | Blastmotes.
     0 | D:1      | Reached XP level 1. HP: 13/13 MP: 3/3
   141 | D:1      | Learned a level 1 spell: Magic Dart
   160 | D:1      | Gained mutation: You are partially covered in slimy green
                  | scales. (AC +2) [demonic ancestry]
   160 | D:1      | Reached XP level 2. HP: 14/19 MP: 0/5
   377 | D:1      | Reached skill level 4 in Armour
   804 | D:2      | Gained mutation: A weak demonic guardian rushes to your
                  | aid. [demonic ancestry]
   804 | D:2      | Reached XP level 3. HP: 24/24 MP: 0/6
  1173 | D:1      | Prayed at the altar of an unknown god.
  1173 | D:1      | Became a worshipper of Cheibriados the Contemplative
  1173 | D:1      | Reached * piety under Cheibriados
  1329 | D:3      | Found a shimmering altar of Xom.
  1345 | D:3      | Fell from the grace of Cheibriados
  1345 | D:3      | Became a worshipper of Xom of Chaos
  1388 | D:3      | Reached skill level 1 in Short Blades
  1687 | D:3      | XOM: potion effect (haste)
  1735 | D:3      | XOM: smoke on damage
  1826 | D:3      | XOM: divination: detect items
  1949 | D:4      | Gained mutation: You have a pair of small antennae on your
                  | head. [demonic ancestry]
  1949 | D:4      | Reached XP level 4. HP: 31/31 MP: 7/7
  2109 | D:4      | Reached skill level 1 in Dodging
  2182 | D:4      | XOM: silly message
  2241 | D:4      | XOM: divination: detect items
  2265 | D:4      | Noticed a black bear
  2287 | D:4      | HP: 1/31 [black bear (7)]
  2287 | D:4      | Slain by a black bear

Illustrated notes

Levels and vault maps discovered:
D:1:      spicycebolla_arrival_ecumenical, layout_basic,
          minmay_misc_feat_pillars, kennysheep_doodads
D:2:      minmay_alternating_diamond, layout_rooms, hangedman_decor_growths
D:3:      layout_basic, lemuel_crystal_altar
D:4:      layout_gridville, general_overflow_altar, serial_shops, shop,
          nrook_mini_backslash, wad_rectangle_vault

Skill      XL: |  1  2  3  4 |
---------------+-------------+-----
Fire Magic     | 3 |  3.0
Armour         | 4 |  4.2
Short Blades   | 1 |  1.2
Dodging        | 1 |  1.1
Fighting       | |  0.7
Stealth        | |  0.1
Spellcasting   | |  2.2
Conjurations   | |  0.2
Evocations     | |  1.0

Action                     |  1- 3 |  4- 6 || total
---------------------------+-------+-------++-------
  Melee: Dagger            |   225 |    38 ||   263
         Punch             |     3 |     1 ||     4
   Cast: Foxfire           |     3 |       ||     3
         Magic Dart        |     9 |       ||     9
    Use: Scroll            |     7 |       ||     7
         Potion            |     1 |     1 ||     2
 Armour: Scale mail        |   210 |    39 ||   249
  Dodge: Dodged            |   144 |    24 ||   168
